TOP OF THE 1ST |
Chicago Machine batting - Pitching for Greenville 84s : RHP Tomás González
|
Pitching: RHP Tomás González
|
|
Batting: RHB Pablo Sandoval
|
0-0: Called Strike 0-1: Swinging Strike 0-2: Ball 1-2: Fly out, F9 (Flyball, 9S)
|
Batting: SHB Edward Bartlett
|
0-0: Foul Ball, location: 2F 0-1: Ground out U3 (Groundball, 34)
|
Batting: RHB Doug Stephens
|
0-0: Called Strike 0-1: SINGLE (Groundball, 56D)
|
Batting: LHB Tanyu Imai
|
0-0: Ball 1-0: Ball 2-0: Ball 3-0: Called Strike 3-1: Fly out, F9 (Flyball, 9LD)
|
Top of the 1st over - 0 run(s), 1 hit(s), 0 error(s), 1 left on base; Chicago 0 - Greenville 0 |
BOTTOM OF THE 1ST |
Greenville 84s batting - Pitching for Chicago Machine : RHP Aaron Thrash
|
Pitching: RHP Aaron Thrash
|
|
Batting: RHB Carlos Torres
|
0-0: Called Strike 0-1: Ball 1-1: Swinging Strike 1-2: Foul Ball, location: 2F 1-2: Ball 2-2: Foul Ball, location: 2F 2-2: Ball 3-2: Base on Balls
|
Batting: RHB Felipe Rodríguez
|
0-0: Called Strike 0-1: Called Strike 0-2: Strikes out swinging
|
Batting: RHB Enzo Díaz
|
0-0: Ball 1-0: Ball 2-0: Ball Carlos Torres steals 2nd base 3-0: Base on Balls
|
Batting: LHB Brock Larsen
|
0-0: Called Strike 0-1: Ball 1-1: Ball 2-1: Ball 3-1: Base on Balls Carlos Torres to third Enzo Díaz to second
|
Batting: LHB Paco Rosas
|
0-0: Ball 1-0: Called Strike 1-1: SINGLE (Line Drive, 34) Carlos Torres scores Enzo Díaz to third Brock Larsen to second Runner from 3rd tries for Home, SAFE, throw made home Brock Larsen to third Paco Rosas to second
|
Batting: LHB Jimmy Vickers
|
0-0: Called Strike 0-1: Ball 1-1: Ball 2-1: Ball 3-1: Base on Balls
|
Batting: LHB Robert Moore
|
0-0: Fly out, F6 (Popup, 56)
|
Batting: RHB Robert Buckley
|
0-0: Foul Ball, location: 2F 0-1: Called Strike 0-2: Ball 1-2: Ball 2-2: Strikes out looking
|
Bottom of the 1st over - 2 run(s), 1 hit(s), 0 error(s), 3 left on base; Chicago 0 - Greenville 2 |
TOP OF THE 2ND |
Chicago Machine batting - Pitching for Greenville 84s : RHP Tomás González
|
Batting: RHB Lorenzo Guzmán
|
0-0: Called Strike 0-1: Ball 1-1: Called Strike 1-2: Strikes out swinging
|
Batting: RHB Roberto Tobías
|
0-0: Foul Ball, location: 2F 0-1: Foul Ball, location: 2F 0-2: Foul Ball, location: 2F 0-2: Foul Ball, location: 2F 0-2: Ground out 4-3 (Groundball, 4)
|
Batting: SHB Joaquín López
|
0-0: SOLO HOME RUN (Flyball, 9LD), Distance : 331 ft
|
Batting: RHB Alden Isenhood
|
0-0: Ball 1-0: Foul Ball, location: 2F 1-1: Called Strike 1-2: Strikes out swinging
|
Top of the 2nd over - 1 run(s), 1 hit(s), 0 error(s), 0 left on base; Chicago 1 - Greenville 2 |
BOTTOM OF THE 2ND |
Greenville 84s batting - Pitching for Chicago Machine : RHP Aaron Thrash
|
Batting: RHB Dan Hooper
|
0-0: Swinging Strike 0-1: Fly out, F9 (Flyball, 9LM)
|
Batting: RHB Carlos Torres
|
0-0: Ball 1-0: Called Strike 1-1: Ball 2-1: Ground out 6-3 (Groundball, 6)
|
Batting: RHB Felipe Rodríguez
|
0-0: Ball 1-0: Foul Ball, location: 2F 1-1: Swinging Strike 1-2: Fly out, F8 (Flyball, 8LD)
|
Bottom of the 2nd over - 0 run(s), 0 hit(s), 0 error(s), 0 left on base; Chicago 1 - Greenville 2 |
TOP OF THE 3RD |
Chicago Machine batting - Pitching for Greenville 84s : RHP Tomás González
|
Batting: SHB Lee Townsend
|
0-0: Called Strike 0-1: Fly out, F7 (Line Drive, 7)
|
Batting: RHB Pablo Sandoval
|
0-0: Called Strike 0-1: SINGLE (Groundball, 6MD)
|
Batting: SHB Edward Bartlett
|
0-0: Called Strike 0-1: Ball 1-1: Ground out 5-3 (Groundball, 56S) Pablo Sandoval to second
|
Batting: RHB Doug Stephens
|
0-0: Fly out, F7 (Flyball, 7S)
|
Top of the 3rd over - 0 run(s), 1 hit(s), 0 error(s), 1 left on base; Chicago 1 - Greenville 2 |
BOTTOM OF THE 3RD |
Greenville 84s batting - Pitching for Chicago Machine : RHP Aaron Thrash
|
Batting: RHB Enzo Díaz
|
0-0: Called Strike 0-1: Foul Ball, location: 2F 0-2: Foul Ball, location: 2F 0-2: Ball 1-2: Foul Ball, location: 2F 1-2: Ball 2-2: Ball 3-2: Fly out, F9 (Flyball, 89S)
|
Batting: LHB Brock Larsen
|
0-0: Foul Ball, location: 2F 0-1: Ball 1-1: Ball 2-1: Ball 3-1: SINGLE (Line Drive, 8RS)
|
Batting: LHB Paco Rosas
|
0-0: Foul Ball, location: 2F 0-1: Ball 1-1: Ball 2-1: Called Strike Brock Larsen steals 2nd base 2-2: Ball 3-2: Ground out U3 (Groundball, 34S) Brock Larsen to third
|
Batting: LHB Jimmy Vickers
|
0-0: Ball 1-0: Ball 2-0: Foul Ball, location: 2F 2-1: Ball 3-1: Base on Balls
|
Batting: LHB Robert Moore
|
0-0: Ball 1-0: Foul Ball, location: 2F 1-1: Ball 2-1: Called Strike 2-2: Strikes out swinging
|
Bottom of the 3rd over - 0 run(s), 1 hit(s), 0 error(s), 2 left on base; Chicago 1 - Greenville 2 |
TOP OF THE 4TH |
Chicago Machine batting - Pitching for Greenville 84s : RHP Tomás González
|
Batting: LHB Tanyu Imai
|
0-0: Called Strike 0-1: Fly out, F7 (Flyball, 7LSF)
|
Batting: RHB Lorenzo Guzmán
|
0-0: Ball 1-0: Ball 2-0: Ball 3-0: Fly out, F7 (Flyball, 78S)
|
Batting: RHB Roberto Tobías
|
0-0: Called Strike 0-1: Ball 1-1: Ground out 5-3 (Groundball, 5)
|
Top of the 4th over - 0 run(s), 0 hit(s), 0 error(s), 0 left on base; Chicago 1 - Greenville 2 |
BOTTOM OF THE 4TH |
Greenville 84s batting - Pitching for Chicago Machine : RHP Aaron Thrash
|
Batting: RHB Robert Buckley
|
0-0: Foul Ball, location: 2F 0-1: Ball 1-1: Ball 2-1: DOUBLE (Line Drive, 7LD)
|
Batting: RHB Dan Hooper
|
0-0: Called Strike 0-1: Ground out 5-3 (Groundball, 56)
|
Batting: RHB Carlos Torres
|
0-0: Ball 1-0: Ball 2-0: Ball 3-0: Base on Balls
|
Batting: RHB Felipe Rodríguez
|
0-0: Ball 1-0: Foul Ball, location: 2F 1-1: Called Strike 1-2: Grounds into double play, 6-4-3 (Groundball, 6)
|
Bottom of the 4th over - 0 run(s), 1 hit(s), 0 error(s), 1 left on base; Chicago 1 - Greenville 2 |
TOP OF THE 5TH |
Chicago Machine batting - Pitching for Greenville 84s : RHP Tomás González
|
Batting: SHB Joaquín López
|
0-0: Foul Ball, location: 2F 0-1: Foul Ball, location: 2F 0-2: Ball 1-2: Ball 2-2: Foul Ball, location: 2F 2-2: Ground out 3-1 (Groundball, 34)
|
Batting: RHB Alden Isenhood
|
0-0: SINGLE (Groundball, 4MD)
|
Batting: SHB Lee Townsend
|
0-0: Ball 1-0: Swinging Strike 1-1: Swinging Strike 1-2: Foul Ball, location: 2F 1-2: Fly out, F8 (Flyball, 8LD)
|
Batting: RHB Pablo Sandoval
|
0-0: Called Strike 0-1: Ball 1-1: Foul Ball, location: 2F 1-2: Foul Ball, location: 2F 1-2: Foul Ball, location: 2F 1-2: Ball 2-2: Strikes out swinging
|
Top of the 5th over - 0 run(s), 1 hit(s), 0 error(s), 1 left on base; Chicago 1 - Greenville 2 |
BOTTOM OF THE 5TH |
Greenville 84s batting - Pitching for Chicago Machine : RHP Aaron Thrash
|
Batting: RHB Enzo Díaz
|
0-0: Ball 1-0: Fly out, F4 (Line Drive, 4M)
|
Batting: LHB Brock Larsen
|
0-0: Called Strike 0-1: Ball 1-1: Swinging Strike 1-2: Ball 2-2: Fly out, F6 (Popup, 56D)
|
Batting: LHB Paco Rosas
|
0-0: Swinging Strike 0-1: Ball 1-1: Swinging Strike 1-2: Ball 2-2: Foul Ball, location: 2F 2-2: Ball 3-2: Foul Ball, location: 2F 3-2: SOLO HOME RUN (Flyball, 8RXD), Distance : 449 ft
|
Batting: LHB Jimmy Vickers
|
0-0: Ground out U3 (Groundball, 3)
|
Bottom of the 5th over - 1 run(s), 1 hit(s), 0 error(s), 0 left on base; Chicago 1 - Greenville 3 |
TOP OF THE 6TH |
Chicago Machine batting - Pitching for Greenville 84s : RHP Tomás González
|
Batting: SHB Edward Bartlett
|
0-0: Ground out U3 (Groundball, 3L)
|
Batting: RHB Doug Stephens
|
0-0: SINGLE (Flyball, 8RS)
|
Batting: LHB Tanyu Imai
|
0-0: Ball 1-0: Foul Ball, location: 2F 1-1: Ball 2-1: Foul Ball, location: 2F 2-2: Ball 3-2: Fly out, F6 (Popup, 4MS)
|
Batting: RHB Lorenzo Guzmán
|
0-0: Swinging Strike 0-1: Foul Ball, location: 2F 0-2: Ball 1-2: Strikes out swinging
|
Top of the 6th over - 0 run(s), 1 hit(s), 0 error(s), 1 left on base; Chicago 1 - Greenville 3 |
BOTTOM OF THE 6TH |
Greenville 84s batting - Pitching for Chicago Machine : RHP Aaron Thrash
|
Batting: LHB Robert Moore
|
0-0: Swinging Strike 0-1: Foul Ball, location: 2F 0-2: Foul Ball, location: 2F 0-2: Ball 1-2: Ground out 6-3 (Groundball, 6)
|
Batting: RHB Robert Buckley
|
0-0: Fly out, F9 (Flyball, 9LS)
|
Batting: RHB Dan Hooper
|
0-0: Ball 1-0: Swinging Strike 1-1: Ball 2-1: Ball 3-1: Base on Balls
|
Batting: RHB Carlos Torres
|
0-0: Ball Wild Pitch! Dan Hooper to second 1-0: Ball 2-0: Swinging Strike 2-1: Swinging Strike 2-2: Ball 3-2: Strikes out swinging
|
Bottom of the 6th over - 0 run(s), 0 hit(s), 0 error(s), 1 left on base; Chicago 1 - Greenville 3 |
TOP OF THE 7TH |
Chicago Machine batting - Pitching for Greenville 84s : RHP Tomás González
|
Batting: RHB Roberto Tobías
|
0-0: Swinging Strike 0-1: Fly out, F9 (Flyball, 9S)
|
Batting: SHB Joaquín López
|
0-0: Fly out, F3 (Popup, 34)
|
Batting: RHB Alden Isenhood
|
0-0: SINGLE (Groundball, 15S) (infield hit)
|
Batting: SHB Lee Townsend
|
0-0: Ball 1-0: Ball 2-0: Swinging Strike 2-1: Foul Ball, location: 2F 2-2: Ball 3-2: Foul Ball, location: 2F 3-2: Foul Ball, location: 2F 3-2: Fly out, F4 (Line Drive, 4)
|
Top of the 7th over - 0 run(s), 1 hit(s), 0 error(s), 1 left on base; Chicago 1 - Greenville 3 |
BOTTOM OF THE 7TH |
Greenville 84s batting - Pitching for Chicago Machine : RHP Aaron Thrash
|
Pitching: RHP Pedro Mendoza
|
|
Batting: RHB Felipe Rodríguez
|
0-0: Ball 1-0: Ball 2-0: Foul Ball, location: 2F 2-1: Ball 3-1: Base on Balls
|
Batting: RHB Enzo Díaz
|
0-0: Swinging Strike 0-1: Called Strike 0-2: Ball 1-2: Fly out, F8 (Flyball, 8RM)
|
Batting: LHB Brock Larsen
|
0-0: Ball 1-0: Ball 2-0: Ball 3-0: Called Strike 3-1: Called Strike 3-2: Base on Balls Felipe Rodríguez to second
|
Batting: LHB Paco Rosas
|
0-0: Swinging Strike 0-1: SINGLE (Line Drive, 34) Felipe Rodríguez to third Brock Larsen to second Runner from 3rd tries for Home, SAFE, throw made home Brock Larsen to third Paco Rosas to second
|
Batting: LHB Jimmy Vickers
|
0-0: Called Strike 0-1: Ball 1-1: Called Strike 1-2: Strikes out swinging
|
Batting: LHB Robert Moore
|
0-0: Called Strike 0-1: SINGLE (Line Drive, 9LS) Brock Larsen scores Paco Rosas to third Runner from 3rd tries for Home, SAFE, no throw
|
Pitching: RHP Chris Mitchell
|
|
Batting: RHB Robert Buckley
|
0-0: Fly out, F9 (Flyball, 9S)
|
Bottom of the 7th over - 3 run(s), 2 hit(s), 0 error(s), 1 left on base; Chicago 1 - Greenville 6 |
TOP OF THE 8TH |
Chicago Machine batting - Pitching for Greenville 84s : RHP Tomás González
|
Pitching: RHP Paco Ruíz
|
|
Batting: RHB Pablo Sandoval
|
0-0: Ball 1-0: Foul Ball, location: 2F 1-1: Foul Ball, location: 2F 1-2: Ball 2-2: Ball 3-2: Base on Balls
|
Batting: SHB Edward Bartlett
|
0-0: Ball 1-0: Foul Ball, location: 2F 1-1: Fielders Choice at 2nd, 4-6 (Groundball, 34)
|
Batting: RHB Doug Stephens
|
0-0: Called Strike 0-1: Called Strike 0-2: Strikes out looking
|
Batting: LHB Tanyu Imai
|
0-0: Ball 1-0: Ball 2-0: Ball 3-0: Base on Balls Edward Bartlett to second
|
Batting: RHB Lorenzo Guzmán
|
0-0: DOUBLE (Line Drive, 78XD) Edward Bartlett scores Tanyu Imai to third
|
Pitching: RHP Kenshin Kubota
|
|
Batting: RHB Roberto Tobías
|
0-0: Ball 1-0: Foul Ball, location: 2F 1-1: Ball 2-1: Ball 3-1: Foul Ball, location: 2F 3-2: SINGLE (Groundball, 34D) Tanyu Imai scores Lorenzo Guzmán to third Lorenzo Guzmán scores
|
Batting: SHB Joaquín López
|
0-0: Ball 1-0: Called Strike 1-1: Ball 2-1: Foul Ball, location: 2F 2-2: Strikes out looking
|
Top of the 8th over - 3 run(s), 2 hit(s), 0 error(s), 1 left on base; Chicago 4 - Greenville 6 |
BOTTOM OF THE 8TH |
Greenville 84s batting - Pitching for Chicago Machine : RHP Chris Mitchell
|
Batting: RHB Dan Hooper
|
0-0: Ball 1-0: Foul Ball, location: 2F 1-1: Ball 2-1: Foul Ball, location: 2F 2-2: Foul Ball, location: 2F 2-2: Strikes out looking
|
Batting: RHB Carlos Torres
|
0-0: Ball 1-0: Foul Ball, location: 2F 1-1: Called Strike 1-2: Foul Ball, location: 2F 1-2: Ball 2-2: SINGLE (Flyball, 78S)
|
Batting: RHB Felipe Rodríguez
|
0-0: Ball 1-0: Fly out, F5 (Popup, 5D)
|
Batting: RHB Enzo Díaz
|
0-0: Ball 1-0: Foul Ball, location: 2F 1-1: Foul Ball, location: 2F 1-2: Ball 2-2: Ball 3-2: Foul Ball, location: 2F 3-2: DOUBLE (Line Drive, 8RXD) Carlos Torres to third Carlos Torres scores
|
Batting: LHB Brock Larsen
|
0-0: Reached on error, E5 (Groundball, 56) Enzo Díaz to third
|
Batting: LHB Paco Rosas
|
0-0: Foul Ball, location: 2F 0-1: Foul Ball, location: 2F 0-2: Ball 1-2: Foul Ball, location: 2F 1-2: Foul Ball, location: 2F 1-2: Foul Ball, location: 2F 1-2: Ball 2-2: Fielders Choice at 2nd, 4-6 (Groundball, 4)
|
Bottom of the 8th over - 1 run(s), 2 hit(s), 1 error(s), 1 left on base; Chicago 4 - Greenville 7 |
TOP OF THE 9TH |
Chicago Machine batting - Pitching for Greenville 84s : RHP Kenshin Kubota
|
Pitching: LHP Francisco Ríos
|
|
Batting: RHB Alden Isenhood
|
0-0: Called Strike 0-1: Ball 1-1: Ball 2-1: Called Strike 2-2: Ball 3-2: Ground out 6-3 (Groundball, 6)
|
Batting: SHB Lee Townsend
|
0-0: Ball 1-0: Ball 2-0: Ball 3-0: Called Strike 3-1: Base on Balls
|
Batting: RHB Pablo Sandoval
|
0-0: Ball 1-0: Ball 2-0: Ball 3-0: Called Strike 3-1: Foul Ball, location: 2F 3-2: Strikes out looking
|
Batting: SHB Edward Bartlett
|
0-0: Ball 1-0: Ball 2-0: SINGLE (Groundball, 6MD) Lee Townsend to second
|
Pitching: RHP Sancho Mendoza
|
|
Batting: RHB Doug Stephens
|
0-0: Called Strike 0-1: Ball 1-1: SINGLE (Line Drive, 4D) Lee Townsend to third Edward Bartlett to second Runner from 3rd tries for Home, SAFE, no throw
|
Batting: LHB Tanyu Imai
|
0-0: Fly out, F8 (Line Drive, 89D)
|
Top of the 9th over - 1 run(s), 2 hit(s), 0 error(s), 2 left on base; Chicago 5 - Greenville 7 |
|